 Dungeon Crawl Stone Soup version 0.28-a0-983-g1de4e0787c (webtiles) character file.

Game seed: 15960867201391829659

39 Glokmah the Conjurer (level 3, 0/28 HPs)
             Began as a Draconian Conjurer on Dec 3, 2021.
             Slain by a worm (9 damage)
             ... on level 2 of the Dungeon.
             The game lasted 00:02:30 (1150 turns).

Glokmah the Conjurer (Draconian Conjurer)           Turns: 1150, Time: 00:02:31

Health: 0/28       AC:  5    Str:  9    XL:     3   Next: 26%
Magic:  1/6        EV: 12    Int: 20    God:
Gold:   28         SH:  0    Dex:  9    Spells: 3/6 levels left

rFire   . . .      SeeInvis .   f - +0 dagger
rCold   . . .      Faith    .   (no shield)
rNeg    . . .      Spirit   .   (armour unavailable)
rPois   .          Reflect  .   (helmet restricted)
rElec   .          Harm     .   (no cloak)
rCorr   .          Rampage  .   (no gloves)
Will    .....                   (no boots)
Stlth   ++........              (no amulet)
HPRegen 0.09/turn               (no ring)
MPRegen 0.10/turn               (no ring)

@: no status effects
A: AC +5, unfitting armour, cold-blooded
a: no special abilities


You were on level 2 of the Dungeon.
You visited 1 branch of the dungeon, and saw 2 of its levels.

You collected 28 gold pieces.

Inventory:

Hand Weapons
 f - a +0 dagger (weapon)
Missiles
 a - 2 atropa-tipped darts
 b - 17 poisoned darts
Scrolls
 c - a scroll of teleportation {unknown}
 d - 2 scrolls of fog {unknown}
Potions
 e - a potion of curing {unknown}


   Skills:
 + Level 1.4 Fighting
 - Level 1.7 Dodging
 - Level 1.7 Stealth
 + Level 2.4 Spellcasting
 * Level 4.6 Conjurations


You had 3 spell levels left.
You knew the following spells:

 Your Spells              Type           Power      Damage    Failure   Level
a - Magic Dart            Conj           80%        1d7       2%          1
b - Searing Ray           Conj           40%        2d5       3%          2

Your spell library contained the following spells:

 Spells                   Type           Power      Damage    Failure   Level
 Dazzling Flash           Conj/Hex       22%        N/A       19%         3
 Fulminant Prism          Conj/Hex       5%         3d7       52%         4
 Iskenderun's Mystic Bla  Conj/Tloc      11%        2d4       52%         4


Dungeon Overview and Level Annotations

Branches:
Dungeon (2/15)

Altars:


Innate Abilities, Weirdness & Mutations

Your plain brown scales are hard. (AC +5)
You cannot fit into any form of body armour.
You are cold-blooded and may be slowed by cold attacks.


Message History

Aim: a worm (heavily wounded, 100% to hit)
The magic dart hits the worm.
The worm is severely wounded.
You don't have enough magic to cast this spell.
You don't have enough magic to cast this spell.
Aiming: Magic Dart (safe; 2% risk of failure)
Press: ? - help, Q - select action, (/) - cycle Shift-Dir - straight line, f/p - worm
Aim: a worm (heavily wounded, 100% to hit)
The magic dart hits the worm but does no damage.
The worm is heavily wounded.
You hit the worm but do no damage.
The worm is heavily wounded.
The worm misses you.
You hit the worm.
The worm is heavily wounded.
You hit the worm. You tail-slap the worm.
The worm is severely wounded.
The worm barely misses you.
You hit the worm but do no damage. You tail-slap the worm.
The worm is severely wounded.
You hit the worm.
The worm is almost dead.
The worm bites you but does no damage.
You hit the worm but do no damage.
The worm is almost dead.
The worm bites you!
You hit the worm but do no damage.
The worm is almost dead.
You hit the worm but do no damage.
The worm is almost dead.
The worm misses you.
You barely miss the worm.
The worm is severely wounded.
You hit the worm.
The worm is almost dead.
The worm bites you!
You barely miss the worm.
The worm is severely wounded.
The worm bites you!
You die...

#### ##...##
######.....#.#
#............#
#..@.†....#
#..w...?...
#.........#
##.......##
.......##
#.##...## . #.
..##
....#.##..###
.......<....#


You could see a worm.

Vanquished Creatures
  2 dart slugs
  3 ball pythons (D:1)
  3 bats (D:1)
  4 endoplasms (D:1)
  A giant cockroach (D:1)
  A hobgoblin (D:1)
  3 kobolds (D:1)
  4 quokkas (D:1)
  A frilled lizard (D:1)
  4 goblins (D:1)
  4 rats (D:1)
30 creatures vanquished.

Notes
Turn   | Place    | Note
-------+----------+-------------------------------------------
     0 | D:1      | Glokmah the Draconian Conjurer began the quest for the Orb.
     0 | D:1      | Reached XP level 1. HP: 14/14 MP: 3/3
   305 | D:1      | Reached XP level 2. HP: 22/22 MP: 0/5
   360 | D:1      | Learned a level 2 spell: Searing Ray
   510 | D:1      | Reached skill level 1 in Fighting
   770 | D:1      | Reached XP level 3. HP: 28/28 MP: 1/6
   857 | D:1      | Found a faded altar of an unknown god.
  1150 | D:2      | Slain by a worm

Illustrated notes

Levels and vault maps discovered:
D:1:      dpeg_arrival_court, layout_basic, ebering_ecumenical_altar_hall
D:2:      layout_loops_ring, serial_shops, nicolae_shop_overgrown_old_shop,
          nicolae_figureground_sparkle

Skill      XL: |  1  2 |
---------------+-------+-----
Fighting       | 1 |  1.4
Dodging        | |  1.7
Stealth        | |  1.7
Spellcasting   | |  2.4
Conjurations   | |  4.6

Action                   || total
-------------------------++-------
Melee: Unarmed           ||     6
       Tailslap          ||     5
       Dagger            ||    23
 Cast: Magic Dart        ||    54
       Searing Ray       ||     1
Armor: Skin              ||     8
Dodge: Dodged            ||    18

Table legend: (Time is in decaauts)
 A = Elapsed time spent in this place.
 B = Non-inter-level travel time spent in this place.
 C = Inter-level travel time spent in this place.
 D = Time resting spent in this place.
 E = Time spent auto-exploring this place.
 F = Levels seen in this place.
 G = Mean time per level.
                   A        B        C        D        E       F      G
               +--------+--------+--------+--------+--------+-----+--------+
         Total |   1150 |   1097 |     53 |     52 |    775 |   2 |  575.0 |
       Dungeon |   1150 |   1097 |     53 |     52 |    775 |   2 |  575.0 |
               +--------+--------+--------+--------+--------+-----+--------+

Top non-repeatable levels by time:
     D:1: 1126 daAuts
     D:2: 24 daAuts
